 Dungeon Crawl Stone Soup version 0.29-a0-830-gcb1280458a (webtiles) character file.

Game seed: 13977676156174453498

85504 RBrandon the Thaumaturge (level 15, -1/106 HPs)
             Began as an Octopode Fire Elementalist on July 10, 2022.
             Was a High Priest of Vehumet.
             Slain by a red ugly thing (10 damage)
             ... while petrified by Jorgrun
             ... on level 13 of the Dungeon on July 11, 2022.
             The game lasted 01:10:20 (24137 turns).

RBrandon the Thaumaturge (OpFE)                    Turns: 24137, Time: 01:10:20

Health: -1/106     AC:  1    Str:  8    XL:     15   Next: 84%
Magic:  30/32      EV:  2    Int: 35    God:    Vehumet [*****.]
Gold:   1711       SH:  0    Dex: 14    Spells: 12/41 levels left

rFire   . . .      SeeInvis .   N - staff of conjuration
rCold   . . .      Faith    .   m - +1 buckler
rNeg    + + +      Spirit   .   (helmet restricted)
rPois   ∞          Reflect  .   D - amulet of regeneration
rElec   .          Harm     .   e - +6 ring of intelligence
rCorr   .          Rampage  .   s - ring of positive energy
Will    +....                   L - +4 ring of evasion
Stlth   +++.......              I - ring of wizardry
HPRegen 1.07/turn               U - +6 ring of intelligence
MPRegen 0.23/turn               (no ring)
                                (no ring)
                                (no ring)

@: petrified
A: almost no armour, amphibious, 8 rings, camouflage 1, gelatinous body 1,
(nimble swimmer 1), tentacles
a: Renounce Religion


You were on level 13 of the Dungeon.
You worshipped Vehumet.
Vehumet was extremely pleased with you.
You visited 4 branches of the dungeon, and saw 22 of its levels.

You collected 1711 gold pieces.

Inventory:

Hand Weapons
 f - a +0 mace
 l - a +7 club of protection
   (You took it off Jessica on level 2 of the Dungeon)
 v - a +1 whip of electrocution
   (You took it off Pikel on level 4 of the Dungeon)
Missiles
 o - 2 throwing nets
 F - 8 curare-tipped darts
Armour
 m - a +1 buckler (worn)
 V - an orb of mayhem
   (You found it on level 6 of the Lair of Beasts)
Magical Staves
 N - a staff of conjuration (weapon)
Jewellery
 e - a +6 ring of intelligence (left tentacle)
 s - a ring of positive energy (right tentacle)
 D - an amulet of regeneration (around mantle)
 I - a ring of wizardry (on tentacle)
 L - a +4 ring of evasion (on tentacle)
 U - a +6 ring of intelligence (on tentacle)
Wands
 t - a wand of charming (21)
 y - a wand of flame (26)
 J - a wand of polymorph (12)
 T - a wand of mindburst (11)
 W - a wand of light (4)
Scrolls
 b - 3 scrolls of vulnerability {unknown}
 c - 3 scrolls of teleportation
 d - a scroll of enchant armour
 j - 8 scrolls of fear
 p - a scroll of identify
 r - 5 scrolls of blinking
 w - 2 scrolls of fog
 K - a scroll of magic mapping
 S - a scroll of torment {unknown}
Potions
 a - 4 potions of magic
 g - 5 potions of haste
 h - 6 potions of mutation
 i - 2 potions of brilliance
 k - 6 potions of lignification
 n - 2 potions of ambrosia
 q - 5 potions of resistance
 u - 2 potions of cancellation
 x - 3 potions of might
 z - 7 potions of curing
 A - 4 potions of heal wounds
 B - 3 potions of attraction
 E - a potion of invisibility {unknown}
 G - 4 potions of flight
 O - a potion of degeneration {unknown}
 P - a potion of berserk rage {unknown}
Miscellaneous
 H - a condenser vane
 R - a phantom mirror
 X - a piece from Xom's chessboard (15/15)


   Skills:
 + Level 11.1 Fighting
 + Level 11.3 Dodging
 - Level 2.9 Stealth
 - Level 4.2 Shields
 - Level 13.7 Spellcasting
 - Level 10.7 Conjurations
 - Level 9.3 Fire Magic
 - Level 7.1 Air Magic
 - Level 8.6 Poison Magic
 - Level 5.7 Evocations


You had 12 spell levels left.
You knew the following spells:

 Your Spells              Type           Power      Damage    Failure   Level
b - Scorch                Fire           100%       2d10      1%          2
c - Freezing Cloud        Conj/Ice/Air   39%        6-21      1%          5
d - Mephitic Cloud        Conj/Pois/Air  91%        N/A       1%          3
e - Flame Wave            Conj/Fire      96%        2d16      1%          4
f - Ignite Poison         Fire/Tmut/Pois 60%        N/A       1%          3
g - Starburst             Conj/Fire      48%        6d13      1%          6
h - Conjure Ball Lightni  Conj/Air       46%        3x3d16    1%          6

Your spell library contained the following spells:

 Spells                   Type           Power      Damage    Failure   Level
 Fireball                 Conj/Fire      48%        3d19      1%          5
 Foxfire                  Conj/Fire      100%       2x1d9     1%          1
 Magic Dart               Conj           100%       1d8       1%          1
 Sting                    Tmut/Pois      100%       1d8       1%          1
 Summon Small Mammal      Summ           92%        N/A       1%          1
 Call Imp                 Summ           23%        N/A       1%          2
 Poisonous Vapours        Pois/Air       100%       N/A       1%          2
 Conjure Flame            Conj/Fire      96%        6-21      1%          3
 Dazzling Flash           Conj/Hex       100%       N/A       1%          3
 Inner Flame              Hex/Fire       54%        N/A       1%          3
 Olgreb's Toxic Radiance  Pois           71%        N/A       1%          4
 Call Canine Familiar     Summ           23%        N/A       2%          3
 Confusing Touch          Hex            23%        N/A       2%          3
 Gell's Gravitas          Tloc           23%        N/A       2%          3
 Lesser Beckoning         Tloc           23%        N/A       2%          3
 Ozocubu's Armour         Ice            23%        N/A       2%          3
 Portal Projectile        Hex/Tloc       46%        N/A       2%          3
 Summon Guardian Golem    Hex/Summ       23%        N/A       2%          3
 Teleport Other           Tloc           23%        N/A       2%          3
 Tukima's Dance           Hex            23%        N/A       2%          3
 Leda's Liquefaction      Hex/Erth       11%        N/A       9%          4
 Blade Hands              Tmut           11%        N/A       24%         5
 Metabolic Englaciation   Hex/Ice        11%        N/A       24%         5
 Maxwell's Capacitive Co  Air            32%        ∞         54%         8
 Dispersal                Tloc           11%        N/A       75%         6
 Simulacrum               Ice/Necr       11%        N/A       75%         6


Dungeon Overview and Level Annotations

Branches:
Dungeon (13/15)            Temple (1/1) D:4            Lair (6/6) D:11
  Swamp (0/4) Lair:2        Snake (0/4) Lair:4        Slime (0/5) Lair:6
    Orc (2/2) D:9             Elf (0/3) Orc:2        Vaults (0/5) D:13

Altars:
Ashenzari
Dithmenos
Elyvilon
Fedhas
Gozag
Kikubaaqudgha
Makhleb
Nemelex Xobeh
Okawaru
Qazlal
Ru
Sif Muna
Trog
Uskayaw
Vehumet
Wu Jian
Xom
Yredelemnul
Zin
Jiyva

Annotations:
D:5 exclusion: centaur
D:8 exclusion: steam dragon
D:9 2 transporters, pigah's ghost, journeyman OpAE
D:13 Frances; Jorgrun
Lair:3 2 transporters, pigah's ghost, journeyman OpAE


Innate Abilities, Weirdness & Mutations

You cannot wear most types of armour.
You are amphibious.
You can wear up to eight rings at the same time.
Your skin changes colour to match your surroundings (Stealth+).
Your rubbery body absorbs attacks. (AC +1, EV +1)
((You are camouflaged when in or above water. (Stealth+)))
You have tentacles for arms and can constrict up to eight enemies at once.


Message History

Your memorisation is interrupted.
You are slowing down.
Frances screams a word of power!
The red ugly thing punches you.
You are engulfed in flames!!
The red ugly thing barely misses you.
Your limbs are stiffening.
The cyan ugly thing attacks as you move away!
The cyan ugly thing claws you but does no damage.
The red ugly thing attacks as you move away!
The red ugly thing punches you!
You are engulfed in flames!
The cyan ugly thing claws you! The cyan ugly thing shocks you!
The red ugly thing punches you.
You are engulfed in flames!!
* * * LOW HITPOINT WARNING * * *
You have turned to stone.
Jorgrun casts a spell at the rock wall.
You hear a grinding noise.
Frances chants phrases taken from a devil's mouth.
The cyan ugly thing claws you.
* * * LOW HITPOINT WARNING * * *
The cyan ugly thing shocks you!
* * * LOW HITPOINT WARNING * * *
The red ugly thing barely misses you.
You hear an angry buzzing noise.
The sun demon disappears in a puff of smoke!
A vampire mosquito comes into view.
Frances mutters in a terrible tongue.
Frances seems to speed up.
The cyan ugly thing claws you but does no damage.
The red ugly thing punches you!
* * * LOW HITPOINT WARNING * * *
You are engulfed in flames!!
* * * LOW HITPOINT WARNING * * *
You hear a grinding noise.
The cyan ugly thing claws you!
* * * LOW HITPOINT WARNING * * *
The cyan ugly thing shocks you!
* * * LOW HITPOINT WARNING * * *
The red ugly thing punches you!
* * * LOW HITPOINT WARNING * * *
You are engulfed in flames!!
You die...

#. #.# ##..# ####.#
.... ....# ....
..3########. #..#
+####y4........ #..#
....#@§).......
#..#..$B.#uu).).....
#..#.....#@....g####
#..#.....#.###.##
#..#....∩#.#
#######..#######.#
#...........|.....##
)......................
....<......[...÷.......
################.######
#.#


You could see Frances (fast), Jorgrun, 2 ugly things, a neqoxec (summoned), a
red devil (summoned) and a vampire mosquito.

Vanquished Creatures
  Rupert (D:13)
  Kirke (Lair:6)
  Snorg (D:10)
  5 boulder beetles
  4 hydras
  A catoblepas (Lair:5)
  3 ogre magi (Orc:2)
  2 centaur warriors
  11 two-headed ogres
  12 death yaks
  Urug (D:12)
  Sonja (D:11)
  2 goliath frogs (Lair:6)
  A deep elf pyromancer (D:12)
  An orc knight (Orc:2)
  Pikel (D:4)
  4 oklob plants (Lair:6)
  3 manticores
  2 cyclopes (D:11)
  8 slime creatures (D:12)
  7 centaur zombies (D:12)
  12 elephants
  A guardian serpent (Lair:4)
  A black mamba (Lair:3)
  An unseen horror (D:11)
  22 cane toads
  A rime drake (Lair:4)
  8 komodo dragons
  An efreet (D:13)
  2 tyrant leeches (Lair:6)
  3 trolls
  Prince Ribbit (D:6)
  Grinder (D:6)
  46 blink frogs
  5 dream sheep (Lair:6)
  7 shadows
  50 yaks
  4 wyverns
  3 vampires (D:12)
  3 basilisks
  3 wraiths
  4 hogs (Lair:6)
  2 steam dragons (D:8)
  16 vampire mosquitoes
  4 wargs
  2 nagas (Lair:4)
  Edmund (D:5)
  An acid dragon (D:10)
  16 water moccasins
  Duvessa (D:6)
  12 orc warriors
  2 black bears
  4 wolves (Lair:4)
  24 ogres
  8 centaurs
  3 phantoms
  2 kobold brigands
  30 bullfrogs
  3 scorpions
  A gnoll sergeant (D:10)
  Dowan (D:6)
  9 killer bees
  A vampire bat (Lair:4)
  4 electric eels
  7 howler monkeys
  2 hounds (D:6)
  16 orc priests
  A gnoll bouda (D:5)
  4 jellies
  Jessica (D:2)
  Natasha (D:3)
  An iguana (D:5)
  19 orc wizards
  6 ogre zombies (D:9)
  13 gnolls
  9 adders
  A shadow imp (D:6)
  3 white imps
  An ufetubus (D:6)
  3 worms
  2 dart slugs
  49 orcs
  9 ball pythons
  15 bats
  6 endoplasms
  2 giant cockroaches
  4 goblins
  5 hobgoblins
  A jackal (D:5)
  10 quokkas
  5 frilled lizards
  3 goblin zombies (D:9)
  A hobgoblin skeleton (D:9)
  A hobgoblin zombie (D:9)
  20 kobolds
  An orc skeleton (D:9)
  11 orc zombies (D:9)
  3 rats
634 creatures vanquished.

Vanquished Creatures (collateral kills)
  5 ball lightnings (Lair:6)
  2 foxfires (D:5)
7 creatures vanquished.

Vanquished Creatures (others)
  A human (Lair:6)
  An orc wizard (D:8)
  52 ball lightnings
  190 foxfires
  70 fungi
  216 plants
  3 withered plants (D:12)
533 creatures vanquished.

Grand Total: 1174 creatures vanquished

Notes
Turn   | Place    | Note
-------+----------+-------------------------------------------
     0 | D:1      | RBrandon the Octopode Fire Elementalist began the quest for
                  | the Orb.
     0 | D:1      | Reached XP level 1. HP: 11/11 MP: 3/3
    37 | D:1      | Found a faded altar of an unknown god.
   249 | D:1      | Reached XP level 2. HP: 17/17 MP: 3/5
   252 | D:1      | Learned a level 2 spell: Scorch
   648 | D:1      | Reached XP level 3. HP: 14/21 MP: 2/7
   943 | D:1      | Reached skill level 3 in Spellcasting
  1544 | D:2      | Reached XP level 4. HP: 27/27 MP: 5/9
  1653 | D:2      | Noticed Jessica
  1659 | D:2      | Killed Jessica
  1660 | D:2      | Reached skill level 4 in Spellcasting
  1942 | D:2      | Learned a level 3 spell: Conjure Flame
  2291 | D:3      | Reached XP level 5. HP: 30/31 MP: 11/11
  2291 | D:3      | Noticed Natasha
  3525 | D:3      | You fall into a shaft and drop 1 floor!
  3530 | D:4      | Noticed a lemure
  3541 | D:3      | Killed Natasha
  4002 | D:4      | Noticed a lemure
  4025 | D:4      | Found an opulent altar of Gozag.
  4051 | D:4      | Learned a level 3 spell: Mephitic Cloud
  4097 | D:4      | Found a staircase to the Ecumenical Temple.
  4106 | Temple   | Entered the Ecumenical Temple
  4224 | Temple   | Became a worshipper of Vehumet
  4316 | D:4      | Reached XP level 6. HP: 36/36 MP: 7/12
  4378 | D:4      | Noticed Pikel
  4405 | D:4      | Killed Pikel
  4406 | D:4      | Reached skill level 5 in Fire Magic
  4406 | D:4      | Reached XP level 7. HP: 30/41 MP: 4/13
  4780 | D:5      | Entered Level 5 of the Dungeon
  4780 | D:5      | Noticed Edmund
  4812 | D:5      | Reached skill level 5 in Conjurations
  4911 | D:4      | Learned a level 4 spell: Flame Wave
  4977 | D:5      | Killed Edmund
  4978 | D:5      | Reached XP level 8. HP: 32/46 MP: 3/14
  5699 | D:5      | Reached * piety under Vehumet
  5699 | D:5      | Offered knowledge of Freeze by Vehumet.
  5971 | D:5      | Found a stormy altar of Qazlal.
  6010 | D:5      | Noticed a yak
  6188 | D:5      | Killed a yak
  6189 | D:5      | Reached XP level 9. HP: 34/51 MP: 3/15
  6510 | D:6      | Noticed Prince Ribbit
  6514 | D:6      | Killed Prince Ribbit
  6718 | D:6      | Learned a level 3 spell: Ignite Poison
  6732 | D:6      | Noticed Grinder
  6747 | D:6      | Killed Grinder
  7114 | D:6      | Noticed Dowan
  7119 | D:6      | Noticed Duvessa
  7124 | D:6      | Killed Dowan
  7127 | D:6      | Killed Duvessa
  7243 | D:6      | Found a broken altar of Ashenzari.
  7314 | D:6      | Noticed a +0 hand axe
  7314 | D:6      | Noticed a +0 dagger
  7315 | D:6      | Found a hide-covered altar of Uskayaw.
  8205 | D:7      | Reached skill level 5 in Spellcasting
  8743 | D:8      | Reached XP level 10. HP: 31/56 MP: 9/18
  8957 | D:8      | Reached skill level 6 in Spellcasting
  9054 | D:8      | Learned a level 4 spell: Olgreb's Toxic Radiance
  9063 | D:8      | Reached ** piety under Vehumet
  9064 | D:8      | Reached skill level 1 in Poison Magic
  9125 | D:8      | Offered knowledge of Static Discharge by Vehumet.
  9484 | D:9      | Found a transporter.
  9500 | D:9      | Reached skill level 5 in Poison Magic
  9639 | D:9      | Offered knowledge of Stone Arrow by Vehumet.
  9657 | D:9      | Noticed pigah's ghost (journeyman OpAE)
  9681 | D:9      | Found a transporter.
  9726 | D:9      | Reached skill level 1 in Shields
  9808 | D:9      | Noticed a moth of wrath
  9820 | D:9      | a moth of wrath changed into a culicivora
  9866 | D:9      | Found a staircase to the Orcish Mines.
  9876 | D:9      | Reached *** piety under Vehumet
  9909 | D:9      | Reached XP level 11. HP: 61/61 MP: 10/20
  9961 | D:9      | Offered knowledge of Airstrike by Vehumet.
 10007 | D:9      | Noticed a two-headed ogre
 10011 | D:9      | Killed a two-headed ogre
 10353 | D:9      | Noticed a harpy
 10587 | Orc:1    | Entered Level 1 of the Orcish Mines
 10801 | Orc:2    | Entered Level 2 of the Orcish Mines
 10801 | Orc:2    | Noticed an orc knight
 10801 | Orc:2    | Found a staircase to the Elven Halls.
 10804 | Orc:2    | Reached **** piety under Vehumet
 10809 | Orc:2    | Offered knowledge of Lee's Rapid Deconstruction by Vehumet.
 10809 | Orc:2    | Killed an orc knight
 10910 | Orc:2    | Reached skill level 5 in Dodging
 10938 | Orc:2    | Noticed a two-headed ogre
 11097 | Orc:2    | Killed a two-headed ogre
 11098 | Orc:2    | Reached skill level 5 in Fighting
 11130 | Orc:2    | Noticed an ogre mage
 11222 | Orc:2    | Paralysed by something for 2 turns
 11286 | Orc:2    | Killed an ogre mage
 11478 | Orc:2    | Noticed an ogre mage
 11479 | Orc:2    | Noticed a two-headed ogre
 11482 | Orc:2    | Noticed an ogre mage
 11491 | Orc:2    | Killed an ogre mage
 11493 | Orc:2    | Killed a two-headed ogre
 11494 | Orc:2    | Reached XP level 12. HP: 80/80 MP: 6/21
 11674 | Orc:2    | Noticed a two-headed ogre
 11676 | Orc:2    | Killed an ogre mage
 11735 | Orc:2    | Noticed a two-headed ogre
 11750 | Orc:2    | Killed a two-headed ogre
 11753 | Orc:2    | Killed a two-headed ogre
 11882 | Orc:2    | Noticed a two-headed ogre
 11884 | Orc:2    | Noticed a two-headed ogre
 11889 | Orc:2    | Noticed a two-headed ogre
 11889 | Orc:2    | Noticed a two-headed ogre
 11890 | Orc:2    | Killed a two-headed ogre
 11891 | Orc:2    | Killed a two-headed ogre
 12020 | Orc:1    | You fall into a shaft and drop 1 floor!
 12029 | Orc:1    | Killed a two-headed ogre
 12090 | Orc:2    | Killed a two-headed ogre
 12124 | Orc:2    | Noticed a two-headed ogre
 12128 | Orc:2    | Noticed a two-headed ogre
 12130 | Orc:2    | Noticed an ogre mage
 12240 | D:10     | Entered Level 10 of the Dungeon
 12249 | D:10     | Reached ***** piety under Vehumet
 12250 | D:10     | Offered knowledge of Starburst by Vehumet.
 12502 | D:10     | Reached skill level 7 in Spellcasting
 12510 | D:10     | Learned a level 6 spell: Starburst
 12656 | D:10     | Noticed Snorg
 12803 | D:10     | Noticed a two-headed ogre
 12807 | D:10     | Killed a two-headed ogre
 13080 | D:10     | Killed Snorg
 13325 | D:11     | Reached skill level 8 in Spellcasting
 13349 | D:11     | Noticed a centaur warrior
 13426 | D:11     | Noticed Sonja
 13426 | D:11     | Noticed a boulder beetle
 13429 | D:11     | Killed Sonja
 13434 | D:11     | Killed a boulder beetle
 13557 | D:11     | Noticed an eight-headed hydra
 13560 | D:11     | Killed an eight-headed hydra
 13561 | D:11     | Reached skill level 9 in Spellcasting
 13561 | D:11     | Reached XP level 13. HP: 89/89 MP: 16/26
 13648 | D:11     | Found a staircase to the Lair.
 13704 | Lair:1   | Entered Level 1 of the Lair of Beasts
 13905 | Lair:1   | Reached skill level 10 in Spellcasting
 14676 | Lair:1   | Upgraded the game from 0.29-a0-824-gd827844252 to
                  | 0.29-a0-830-gcb1280458a
 14763 | Lair:2   | Found a staircase to the Swamp.
 15025 | Lair:2   | Offered knowledge of Yara's Violent Unravelling by Vehumet.
 15041 | Lair:2   | Reached skill level 10 in Dodging
 15740 | Lair:3   | Found a sparkling altar of Nemelex Xobeh.
 15768 | Lair:3   | Reached skill level 10 in Fighting
 16095 | Lair:3   | Found a transporter.
 16191 | Lair:3   | Found a transporter.
 16191 | Lair:3   | Noticed pigah's ghost (journeyman OpAE)
 16602 | Lair:4   | Reached skill level 1 in Evocations
 16913 | Lair:4   | Found a staircase to the Snake Pit.
 16971 | Lair:4   | Reached skill level 5 in Evocations
 17257 | Lair:4   | Reached XP level 14. HP: 99/99 MP: 28/28
 17433 | Lair:4   | Found the +3 pair of seven-league boots {Rampage+∞}
 17983 | Lair:5   | Got the Catalogue of Curses and the Wind
 18168 | Lair:5   | Learned a level 6 spell: Conjure Ball Lightning
 18175 | Lair:5   | Learned a level 5 spell: Freezing Cloud
 18242 | Lair:5   | Reached skill level 1 in Air Magic
 18824 | Lair:5   | Offered knowledge of Eringya's Noxious Bog by Vehumet.
 18827 | Lair:5   | Reached skill level 5 in Air Magic
 19409 | Lair:6   | Entered Level 6 of the Lair of Beasts
 19819 | Lair:6   | Noticed Kirke
 19831 | Lair:6   | Killed Kirke
 19928 | Lair:6   | Reached skill level 10 in Conjurations
 20180 | Lair:6   | Reached XP level 15. HP: 106/106 MP: 16/29
 20556 | Lair:6   | Found a viscous altar of Jiyva.
 20556 | Lair:6   | Found a staircase to the Slime Pits.
 20800 | Lair:6   | Reached skill level 11 in Spellcasting
 21098 | Lair:6   | Offered knowledge of Fireball by Vehumet.
 22100 | D:11     | Reached skill level 12 in Spellcasting
 23186 | D:12     | Noticed Urug
 23190 | D:12     | Reached skill level 13 in Spellcasting
 23209 | D:12     | Killed Urug
 23808 | D:13     | Noticed Frances
 23813 | D:13     | Found a gate to the Vaults.
 23816 | D:13     | Noticed Rupert
 23823 | D:13     | Killed Rupert
 24131 | D:13     | Noticed Jorgrun
 24137 | D:13     | Slain by a red ugly thing

Illustrated notes

Levels and vault maps discovered:
D:1:      kennysheep_arrival_forest, layout_loops_ring,
          hellmonk_ecumenical_altar_arch_garden, chequers_serial_rivers_room_a
D:2:      layout_rooms, uniq_jessica
D:3:      minmay_skewed_foursquare, layout_basic, grunt_ministairs_2,
          chequers_serial_rivers_micro_a, uniq_natasha
D:4:      layout_rooms, nicolae_gozag_cash_rules_everything_around_me,
          minmay_temple_entry_tees, uniq_pikel
D:5:      cheibrodos_fzero, layout_loops_ring, nicolae_qazlal_eye_of_the_storm,
          serial_bayou, serial_bayou_pond_c, serial_bayou_lagoon_a,
          serial_bayou_ford_a, serial_bayou_pond_c, uniq_sigmund, uniq_edmund
D:6:      layout_loops_cross, mainiacjoe_overflow_alcove_4,
          dancing_weapons_uskayaw, minivault_19, uniq_duvessa, uniq_grinder,
          uniq_prince_ribbit1
D:7:      layout_cave_pools
D:8:      layout_gridville, nicolae_titane
D:9:      layout_loops_ring, zombieorc1_lemuel, nzn_ghost_randoct,
          grunt_ministairs_4
D:10:     layout_irregular_city, serial_column_ruins, column_ruins_open_tiny,
          column_ruins_corridor_dead_end, column_ruins_open_small,
          column_ruins_corridor_straight, uniq_snorg
D:11:     minmay_evil_eye, layout_rooms, erik_lair_orcish_takeover, uniq_sonja
D:12:     layout_roguey, serial_undead, serial_undead_d, serial_undead_f,
          serial_undead_b, serial_undead_e, uniq_urug
D:13:     layout_long_grid, skrybe_vaults_entry_preservation, uniq_rupert,
          uniq_frances, uniq_jorgrun
Temple:   mainiacjoe_temple_bowtie_tessellation
Lair:1:   layout_chaotic_city, grunt_megastairs_3
Lair:2:   layout_gridlike, swamp_mist_pool
Lair:3:   layout_chaotic_city, gammafunk_ghost_berserking_beasts, basic_altar,
          nicolae_lair_lil_pond, lemuel_fruit_fields
Lair:4:   layout_regular_city, guppyfry_snake_entry_island, roderic_batcave,
          hellmonk_guarded_unrand_seven_league_boots
Lair:5:   layout_layer_cave, lemuel_fruit_fields, serial_bayou_shore_a
Lair:6:   minmay_lair_end_frog_pond, layout_concentric_octagons,
          minmay_slime_entry_oklob_enclosed, st_stairs_10,
          infiniplex_staircase_pool, uniq_kirke
Orc:1:    layout_caves
Orc:2:    st_orc_ogre_mass, layout_diamond_mine, nicolae_orc_tapped_out

Skill      XL: |  1  2  3  4  5  6  7  8  9 10 11 12 13 14 15 |
---------------+----------------------------------------------+-----
Spellcasting   | 3 4 5 6 9 10 13 | 13.7
Conjurations   | 2 4 5 7 8 10 | 10.7
Fire Magic     | 4 5 6 7 9 |  9.3
Poison Magic   | 8 |  8.6
Shields        | 4 |  4.2
Fighting       | 6 8 10 11 | 11.1
Dodging        | 7 8 10 11 | 11.3
Evocations     | 5 |  5.7
Air Magic      | 7 |  7.1
Stealth        | |  2.9

Action                   |  1- 3 |  4- 6 |  7- 9 | 10-12 | 13-15 || total
-------------------------+-------+-------+-------+-------+-------++-------
Melee: Tentacles         |     2 |     6 |     8 |    26 |    52 ||    94
       Unarmed           |     1 |       |       |       |       ||     1
       Mace              |     5 |       |       |       |       ||     5
       Constrict         |     2 |     4 |    13 |    24 |    37 ||    80
       Club              |       |    25 |    31 |       |       ||    56
       Punch             |       |       |     1 |     2 |     4 ||     7
       Staff             |       |       |       |    82 |   183 ||   265
 Cast: Foxfire           |    42 |    36 |    36 |       |       ||   114
       Scorch            |    13 |    19 |    57 |    68 |    13 ||   170
       Conjure Flame     |       |     1 |     4 |     3 |       ||     8
       Mephitic Cloud    |       |     1 |    15 |    29 |     3 ||    48
       Flame Wave        |       |       |     5 |    26 |    51 ||    82
       Ignite Poison     |       |       |     5 |    26 |     1 ||    32
       Olgreb's Toxic Ra |       |       |       |    34 |     4 ||    38
       Starburst         |       |       |       |     9 |   158 ||   167
       Conjure Ball Ligh |       |       |       |       |    22 ||    22
       Freezing Cloud    |       |       |       |       |     2 ||     2
Evoke: Wand              |       |       |       |       |     2 ||     2
       Condenser vane    |       |       |       |       |     1 ||     1
  Use: Scroll            |       |       |     7 |    10 |     7 ||    24
       Potion            |       |       |       |     1 |     1 ||     2
 Stab: Sleeping          |       |     4 |       |       |     4 ||     8
       Confused          |       |     2 |     3 |       |       ||     5
       Distracted        |       |       |       |       |     2 ||     2
Armor: Skin              |       |     1 |     3 |     3 |    14 ||    21
Dodge: Dodged            |     4 |    12 |    46 |   126 |   342 ||   530
Block: Buckler           |       |       |       |    30 |   117 ||   147

Table legend: (Time is in decaauts)
 A = Elapsed time spent in this place.
 B = Non-inter-level travel time spent in this place.
 C = Inter-level travel time spent in this place.
 D = Time resting spent in this place.
 E = Time spent auto-exploring this place.
 F = Levels seen in this place.
 G = Mean time per level.
                   A        B        C        D        E       F      G
               +--------+--------+--------+--------+--------+-----+--------+
         Total |  24211 |  23469 |    742 |   5806 |  13021 |  22 | 1100.5 |
       Dungeon |  14324 |  13907 |    417 |   3169 |   8271 |  13 | 1101.8 |
        Temple |    136 |    118 |     18 |      0 |    100 |   1 |  136.0 |
          Lair |   8132 |   7836 |    296 |   1714 |   4408 |   6 | 1355.3 |
  Orcish Mines |   1618 |   1608 |     10 |    923 |    242 |   2 |  809.0 |
               +--------+--------+--------+--------+--------+-----+--------+

Top non-repeatable levels by time:
  Lair:6: 2152 daAuts
     D:3: 2051 daAuts
  Lair:5: 1727 daAuts
     D:5: 1638 daAuts
     D:1: 1311 daAuts
  Lair:4: 1305 daAuts
     D:6: 1281 daAuts
    D:11: 1237 daAuts
    D:12: 1205 daAuts
     D:9: 1144 daAuts
    D:10: 1141 daAuts
     D:8: 1091 daAuts
   Orc:1: 1071 daAuts
  Lair:3: 1058 daAuts
  Lair:1: 1035 daAuts

Table legend:
 A = Kills in this place as a percentage of kills in entire the game.
 B = Kills by you in this place as a percentage of kills by you in the entire game.
 C = Kills by friends in this place as a percentage of kills by friends in the entire game.
 D = Other kills in this place as a percentage of other kills in the entire game.
 E = Experience gained in this place as a percentage of experience gained in the entire game.
 F = Experience gained in this place divided by the number of levels of this place that you have seen.
                   A       B       C       D       E      F
               +-------+-------+-------+-------+-------+----------------------
         Total | 100.0 | 100.0 |   N/A | 100.0 | 100.0 | 5552.2
       Dungeon |  49.9 |  49.5 |   N/A |  85.7 |  33.8 | 3174.3
          Lair |  35.9 |  36.3 |   N/A |   0.0 |  54.0 | 11001.0
  Orcish Mines |  14.2 |  14.2 |   N/A |  14.3 |  12.2 | 7438.5
               +-------+-------+-------+-------+-------+----------------------
